 Dungeon Crawl Stone Soup version 0.30-a0-168-g0b976cbdc4 (webtiles) character file.

Game seed: 13788813819793546814

307 qw the Chopper (level 6, -3/38 HPs)
             Began as a Gargoyle Fighter on Sept 29, 2022.
             Slain by an ogre
             ... wielding a +0 giant club
              (16 damage)
             ... on level 4 of the Dungeon.
             The game lasted 00:01:32 (3063 turns).

qw the Chopper (Gargoyle Fighter)                   Turns: 3063, Time: 00:01:32

Health: -3/38      AC: 15    Str: 21    XL:     6   Next: 40%
Magic:  6/6        EV:  7    Int:  9    God:
Gold:   205        SH:  4    Dex:  9    Spells: 5/5 levels left

rFire   + . .      SeeInvis .    Y - +0 war axe
rCold   . . .      Faith    .    c - +0 buckler
rNeg    + . .      Spirit   .    e - +0 chain mail
rPois   inf        Reflect  .    m - +0 helmet
rElec   +          Harm     .    (no cloak)
rCorr   .          Rampage  .    (no gloves)
Will    .....                    l - +0 pair of boots
Stlth   ..........               (no amulet)
HPRegen 0.12/turn                j - ring of protection from fire
MPRegen 0.10/turn                (no ring)

@: no status effects
A: sickness immunity, AC +4, negative energy resistance 1, electricity
resistance, torment resistance 1, petrification resistance
a: no special abilities


You were on level 4 of the Dungeon.
You visited 1 branch of the dungeon, and saw 4 of its levels.
You also visited: Sewer.

You collected 282 gold pieces.
You spent 77 gold pieces at shops.


Innate Abilities, Weirdness & Mutations

You are immune to sickness and miasma.
Your stone body is resilient. (AC +4)
You are immune to poison.
You resist negative energy. (rN+)
You are resistant to electric shocks. (rElec)
You are resistant to unholy torment.
You are immune to petrification.


   Skills:
 - Level 4.0 Fighting
 + Level 5.6 Axes
 - Level 3.2 Armour
 - Level 3.2 Shields


You had 5 spell levels left.
You didn't know any spells.
Your spell library was empty.

Inventory:

Hand Weapons
 i - a +0 morningstar of holy wrath
 Y - a +0 war axe (weapon)
Armour
 c - a +0 buckler (worn)
 e - a +0 chain mail (worn)
 l - a +0 pair of boots (worn)
 m - a +0 helmet (worn)
Jewellery
 j - a ring of protection from fire (left hand)
Scrolls
 b - 4 scrolls of teleportation
 g - 2 scrolls of identify
Potions
 a - a potion of haste
 d - 2 potions of might
 f - a potion of ambrosia {unknown}
 h - a potion of curing
 k - a potion of mutation
 n - a potion of lignification {unknown}

Dungeon Overview and Level Annotations

Branches:
Dungeon (4/15)              Sewer (visited)
 Temple: D:4-7

Altars:

Shops:
D:2 (?[(


Message History

There is an open door here.
You open the door.
There is an open door here.
You open the door.
There is an open door here.
You open the door. You open the door.
There is an open door here.
You open the door.
There is an open door here.
As you open the door, it creaks loudly!
There is an open door here.
You open the door.
There is an open door here.
You now have 205 gold pieces (gained 11).
There is an open door here.
An ogre comes into view. It is wielding a +0 giant club.
The ogre shouts!
You hit the ogre but do no damage. The ogre closely misses you.
You barely miss the ogre. The ogre hits you with a +0 giant club.
You slash the ogre!
The ogre is moderately wounded.
The ogre hits you with a +0 giant club!
You barely miss the ogre.
The ogre is moderately wounded.
The ogre hits you with a +0 giant club!
You closely miss the ogre.
The ogre is moderately wounded.
You barely miss the ogre.
The ogre is moderately wounded.
The ogre barely misses you.
You hit the ogre.
The ogre is moderately wounded.
The ogre hits you but does no damage.
You hit the ogre.
The ogre is heavily wounded.
The ogre hits you with a +0 giant club!
You die...

..........#....# #.......#
##+###'###....####+####...##
#####...............#..####...###
#...................#....#.......
#...................#....'.......
#...................#....#.......
#...................#....#.......
................O...###..########
.....###########@.....#..#.......
.....#.........'......+..#.......
.....#.........#......#..#.......
.##'##.........#......#..#.......
##..############......#'##.......
....##..#.....................###
######..#.....................'..
##..##..#.....................#..
.#......#.....................#..


You could see an ogre.

Vanquished Creatures
  Pargi (Sewer)
  An orc wizard (D:3)
  5 gnolls
  4 adders
  3 worms
  3 dart slugs
  7 orcs (D:3)
  9 ball pythons
  4 endoplasms
  4 giant cockroaches
  9 goblins
  5 hobgoblins
  4 kobolds
  3 quokkas
  10 bats
  A frilled lizard (D:3)
  3 rats
76 creatures vanquished.

Notes
Turn   | Place    | Note
-------+----------+-------------------------------------------
     0 | D:1      | qw the Gargoyle Fighter began the quest for the Orb.
     0 | D:1      | Reached XP level 1. HP: 14/14 MP: 1/1
     0 | D:1      | 0 ||| qw: Version: 0.2-a-12-gaebbb33
     0 | D:1      | 0 ||| qw: Game counter: 1178
     0 | D:1      | 0 ||| qw: Always use a shield: true
     0 | D:1      | 0 ||| qw: God list: Okawaru
     0 | D:1      | 0 ||| qw: Allow faded altars: false
     0 | D:1      | 0 ||| qw: Do Orc after D:15 true
     0 | D:1      | 0 ||| qw: Do second Lair branch before Depths: true
     0 | D:1      | 0 ||| qw: Lair rune preference: random
     0 | D:1      | 0 ||| qw: Plans: Normal, Zot:1-4, God:TSO, Crypt, Tomb,
                  | Pan, Slime:5, Hells, Abyss, Orb
     0 | D:1      | 0 ||| PLANNING D:1-11
    70 | D:1      | Reached skill level 2 in Axes
    91 | D:1      | 91 ||| Stepping ~*~*~tactically~*~*~ (stealth).
    95 | D:1      | 95 ||| Stepping ~*~*~tactically~*~*~ (hiding).
    96 | D:1      | 96 ||| Stepping ~*~*~tactically~*~*~ (hiding).
   100 | D:1      | Reached XP level 2. HP: 19/19 MP: 2/2
   146 | D:1      | 146 ||| DROPPING +0 whip.
   459 | D:1      | 459 ||| UPGRADING to +0 pair of boots.
   471 | D:1      | 471 ||| READING scroll labelled GOERECK ESOUM.
   472 | D:1      | 472 ||| READING 2 scrolls labelled XEURHO HOERCHY.
   473 | D:1      | 473 ||| READING scroll labelled XUC TOEJADD.
   474 | D:1      | 474 ||| DRINKING 2 fuming clear potions.
   500 | D:1      | 500 ||| DRINKING 3 sapphire potions.
   501 | D:1      | 501 ||| DROPPING potion of magic.
   502 | D:1      | 502 ||| DROPPING 2 potions of invisibility.
   503 | D:1      | 503 ||| Stepping randomly (stuck).
   504 | D:1      | 504 ||| Stepping randomly (stuck).
   505 | D:1      | 505 ||| Stepping randomly (stuck).
   506 | D:1      | 506 ||| Stepping randomly (stuck).
   507 | D:1      | 507 ||| Stepping randomly (stuck).
   508 | D:1      | 508 ||| Stepping randomly (stuck).
   509 | D:1      | 509 ||| Stepping randomly (stuck).
   510 | D:1      | 510 ||| Stepping randomly (stuck).
   511 | D:1      | 511 ||| Stepping randomly (stuck).
   512 | D:1      | 512 ||| Stepping randomly (stuck).
   514 | D:1      | 514 ||| Stepping randomly (stuck).
   515 | D:1      | 515 ||| Stepping randomly (stuck).
   516 | D:1      | 516 ||| Stepping randomly (stuck).
   517 | D:1      | 517 ||| Stepping randomly (stuck).
   521 | D:1      | Reached skill level 3 in Axes
   522 | D:1      | 522 ||| Stepping randomly (stuck).
   523 | D:1      | 523 ||| Stepping randomly (stuck).
   524 | D:1      | 524 ||| Stepping randomly (stuck).
   525 | D:1      | 525 ||| Stepping randomly (stuck).
   526 | D:1      | 526 ||| Stepping randomly (stuck).
   539 | D:1      | Reached XP level 3. HP: 16/23 MP: 3/3
   868 | D:2      | Found Xeusu's Antique Weapon Emporium.
   950 | D:2      | Found Plog's Armour Shoppe.
   958 | D:2      | 958 ||| BUYING +0 chain mail (49 gold).
   958 | D:2      | Bought a +0 chain mail for 49 gold pieces
   958 | D:2      | 958 ||| SHOPLISTING +0 helmet (49 gold, have 26).
   958 | D:2      | 958 ||| SHOPLISTING +1 gold dragon scales "Daudd" {rPois
                  | rF+ rC+ rN+++ Regen+ Int-3 Stlth+} (1172 gold, have 26).
   978 | D:2      | Found Qoarr's Magic Scroll Shop.
   990 | D:2      | 990 ||| Stepping ~*~*~tactically~*~*~ (stealth).
  1007 | D:2      | 1007 ||| FLEEEEING.
  1010 | D:2      | 1010 ||| FLEEEEING.
  1024 | D:2      | 1024 ||| FLEEEEING.
  1031 | D:2      | 1031 ||| STAIRDANCE
  1065 | D:1      | 1065 ||| UPGRADING to +0 chain mail.
  1075 | D:1      | 1075 ||| DROPPING +0 scale mail.
  1076 | D:1      | 1076 ||| READING 3 scrolls of identify.
  1076 | D:1      | 1076 ||| IDENTIFYING glowing green potion
  1077 | D:1      | 1077 ||| READING 2 scrolls of identify.
  1077 | D:1      | 1077 ||| IDENTIFYING orange potion
  1238 | D:2      | Found Unnejirae's Weapon Shoppe.
  1302 | D:2      | Reached XP level 4. HP: 27/28 MP: 4/4
  1348 | D:2      | 1348 ||| SHOPLISTING scroll of brand weapon (133 gold, have
                  | 43).
  1348 | D:2      | 1348 ||| BUYING scroll of identify (28 gold).
  1348 | D:2      | Bought a scroll of identify for 28 gold pieces
  1348 | D:2      | 1348 ||| SHOPLISTING scroll of identify (28 gold, have 15).
  1348 | D:2      | 1348 ||| SHOPLISTING scroll of teleportation (42 gold, have
                  | 15).
  1351 | D:2      | Reached skill level 4 in Axes
  1552 | D:2      | 1552 ||| READING 2 scrolls labelled BOIMPIR WIAVUP.
  1556 | D:2      | 1556 ||| READING scroll labelled OHUM JIETUHACUBE.
  1557 | D:2      | 1557 ||| READING scroll labelled SANOPSE NOM.
  1558 | D:2      | 1558 ||| READING 2 scrolls of identify.
  1558 | D:2      | 1558 ||| IDENTIFYING murky amethyst potion
  1580 | D:3      | 1580 ||| PLANNING SEWER
  1593 | D:3      | 1593 ||| Stepping ~*~*~tactically~*~*~ (stealth).
  1629 | D:3      | 1629 ||| Stepping ~*~*~tactically~*~*~ (hiding).
  1635 | D:3      | Reached XP level 5. HP: 29/32 MP: 5/5
  1699 | D:3      | Found a glowing drain.
  1708 | Sewer    | Entered a sewer
  1745 | Sewer    | Noticed Pargi
  1767 | Sewer    | Killed Pargi
  1768 | Sewer    | Reached skill level 5 in Axes
  1768 | Sewer    | Reached XP level 6. HP: 18/37 MP: 6/6
  1967 | D:3      | 1967 ||| PLANNING D:1-11
  2100 | D:3      | 2100 ||| Stepping ~*~*~tactically~*~*~ (hiding).
  2102 | D:3      | 2102 ||| Stepping ~*~*~tactically~*~*~ (hiding).
  2483 | D:3      | Identified the +1 robe "Famy" {Harm Will+ SInv}
  2586 | D:3      | 2586 ||| UPGRADING to +0 helmet.
  2591 | D:3      | 2591 ||| UPGRADING to ring of protection from fire.
  2592 | D:3      | 2592 ||| READING 3 scrolls of identify.
  2592 | D:3      | 2592 ||| IDENTIFYING sedimented golden potion
  2593 | D:3      | 2593 ||| DROPPING potion of degeneration.
  3063 | D:4      | Slain by an ogre

Levels and vault maps discovered:
D:1:      grunt_arrival_lava_bath, layout_rooms, hangedman_glass_teeth,
          st_stairs_9
D:2:      layout_rooms, serial_shops, shop, nicolae_shop_bloodbath_and_beyond,
          nicolae_shop_temple_entry_statues_fountains,
          nicolae_shop_advertising_works [nicolae_subvault_shop_adworks]
D:3:      layout_basic, portal_sewer_entry_a, kennysheep_cluttered_room
D:4:      layout_gridville, minmay_box_of_dots

Skill      XL: |  1  2  3  4  5  6 |
---------------+-------------------+-----
Axes           | 2 3 4 5 |  5.6
Fighting       | 4 |  4.0
Armour         | |  3.2
Shields        | |  3.2

Action                   |  1- 3 |  4- 6 || total
-------------------------+-------+-------++-------
Melee: War axe           |    93 |   162 ||   255
  Use: Scroll            |     5 |     5 ||    10
       Potion            |     2 |       ||     2
Armor: Scale mail        |    35 |       ||    35
       Chain mail        |     8 |   120 ||   128
Dodge: Dodged            |    31 |    63 ||    94
Block: Buckler           |    22 |    22 ||    44

Table legend:
 A = Non-vault XP
 B = Vault XP
 C = Vault XP percentage of total XP
 D = Non-vault monster count
 E = Vault monster count
 F = Vault count percentage of total count
                 A         B        C        D         E       F
            +---------+---------+-------+---------+---------+-------
      Total |     278 |     161 |  36.7 |      66 |      10 |  13.2
            +---------+---------+-------+---------+---------+-------
        D:1 |      48 |       3 |   5.9 |      19 |       2 |   9.5
        D:2 |      72 |       0 |   0.0 |      19 |       0 |   0.0
        D:3 |      91 |       1 |   1.1 |      20 |       1 |   4.8
        D:4 |      67 |       0 |   0.0 |       8 |       0 |   0.0
      Sewer |       0 |     157 | 100.0 |       0 |       7 | 100.0
            +---------+---------+-------+---------+---------+-------
